 Dungeon Crawl Stone Soup version 0.25.1-2-g60ff931df9 (webtiles) character file.

Game seed: 14702912625860551513

169 funkygono the Shooter (level 5, -2/45 HPs)
             Began as a Minotaur Hunter on Aug 27, 2020.
             Killed by nerve-wracking pain
             ... invoked by Grinder
              (11 damage)
             ... on level 3 of the Dungeon.
             The game lasted 00:05:05 (2353 turns).

funkygono the Shooter (Minotaur Hunter)             Turns: 2353, Time: 00:05:05

Health: -2/45      AC:  3    Str: 18    XL:     5   Next: 25%
Magic:  4/4        EV: 12    Int:  8    God:
Gold:   113        SH:  0    Dex: 10    Spells: 4/4 levels left

rFire    . . .     SeeInvis .   a - +0 whip
rCold    . . .     Gourm    .   (no shield)
rNeg     . . .     Faith    .   c - +0 leather armour
rPois    +         Spirit   .   (helmet restricted)
rElec    .         Reflect  .   (no cloak)
rCorr    .         Harm     .   (no gloves)
MR       .....                  (no boots)
Stlth    +.........             (no amulet)
HPRegen  0.15/turn              e - ring of poison resistance
MPRegen  0.09/turn              (no ring)

@: no status effects
A: retaliatory headbutt, horns 2
a: no special abilities


You were on level 3 of the Dungeon.
You were not hungry.

You visited 1 branch of the dungeon, and saw 3 of its levels.

You collected 113 gold pieces.

Inventory:

Hand Weapons
 a - a +0 whip (weapon)
 b - a +1 shortbow
Missiles
 d - 53 arrows
Armour
 c - a +0 leather armour (worn)
Jewellery
 e - a ring of poison resistance (left hand)
Scrolls
 m - 3 scrolls of identify
Potions
 g - a potion of heal wounds {unknown}
 j - a potion of stabbing
 k - a potion of mutation
 l - 2 potions of lignification
Comestibles
 f - 6 rations
 n - 2 chunks of flesh


   Skills:
 + Level 3.4 Fighting
 + Level 1.0 Maces & Flails
 + Level 6.2 Bows
 + Level 1.7 Armour
 + Level 2.5 Dodging
 + Level 1.1 Stealth


You had 4 spell levels left.
You didn't know any spells.
Your spell library was empty.

Dungeon Overview and Level Annotations

Branches:
Dungeon (3/15)

Altars:
Vehumet
The Shining One

Annotations:
D:3 Grinder


Innate Abilities, Weirdness & Mutations

You reflexively headbutt those who attack you in melee.
You have a pair of horns on your head.


Message History

You resist with significant effort.
Your leather armour prevents you from hitting Grinder.
Grinder is heavily wounded.
Grinder closely misses you.
You barely miss Grinder. You headbutt Grinder.
Grinder is severely wounded.
Grinder hits you.
* * * LOW HITPOINT WARNING * * *
You closely miss Grinder. You headbutt Grinder.
Grinder is severely wounded.
Grinder hits you!
* * * LOW HITPOINT WARNING * * *
You writhe in agony.
* * * LOW HITPOINT WARNING * * *
You feel better. Grinder barely misses you.
You closely miss Grinder.
Grinder is severely wounded.
Grinder gestures at you. Pain shoots through your body!
You die...

#########
###########........
...................
................... ###
.##.........########....
.##..........((.(.......
.##.............@5((...(
.............[......(((.
.###....................
..........##.....$.!..).
####.####.##########....
(..#.# #..# .... ##.#..
#.# ### #.#+ .. ... #.#


You could see Grinder.

Vanquished Creatures
  Natasha (thrice) (D:2)
  5 adders (D:2)
  3 dart slugs
  A leopard gecko (D:1)
  4 giant cockroaches
  4 goblins
  4 hobgoblins
  6 kobolds
  A ball python (D:1)
  7 bats
  2 frilled lizards
  7 rats
47 creatures vanquished.

Notes
Turn   | Place    | Note
-------+----------+-------------------------------------------
     0 | D:1      | funkygono the Minotaur Hunter began the quest for the Orb.
     0 | D:1      | Reached XP level 1. HP: 18/18 MP: 0/0
    46 | D:1      | Reached XP level 2. HP: 23/25 MP: 1/1
   114 | D:1      | Reached skill level 5 in Bows
   608 | D:1      | Reached XP level 3. HP: 30/30 MP: 2/2
   676 | D:2      | Noticed Natasha
   681 | D:2      | Killed Natasha
   693 | D:2      | Found a radiant altar of Vehumet.
   951 | D:2      | Noticed Natasha
   959 | D:2      | Killed Natasha
   959 | D:2      | Reached skill level 6 in Bows
   959 | D:2      | Reached XP level 4. HP: 18/37 MP: 3/3
  1110 | D:2      | Noticed Natasha
  1119 | D:2      | Killed Natasha
  1119 | D:2      | Reached skill level 1 in Armour
  1340 | D:2      | Found a glowing golden altar of the Shining One.
  1571 | D:2      | Reached skill level 1 in Stealth
  1597 | D:2      | Reached XP level 5. HP: 10/45 MP: 4/4
  2267 | D:3      | Reached skill level 1 in Maces & Flails
  2333 | D:3      | Noticed Grinder
  2351 | D:3      | HP: 2/45 [Grinder (2)]
  2353 | D:3      | Killed from afar by Grinder

Illustrated notes

Levels and vault maps discovered:
D:1:      dpeg_arrival_pond, layout_loops_ring, serial_glass, glass_columns_a,
          glass_columns_a, minmay_misc_feat_rugged,
          minmay_misc_feat_four_crosses
D:2:      layout_basic, lemuel_doored_altar, chequers_serial_rivers_micro_a,
          tso_metal_star, uniq_natasha
D:3:      layout_basic, uniq_ijyb, uniq_grinder

Skill      XL: |  1  2  3  4  5 |
---------------+----------------+-----
Bows           | 5 6 |  6.2
Fighting       | 3 |  3.4
Armour         | 1 |  1.7
Stealth        | 1 |  1.1
Maces & Flails | 1 |  1.0
Dodging        | |  2.5

Action                   |  1- 3 |  4- 6 || total
-------------------------+-------+-------++-------
Melee: Short sword       |     5 |       ||     5
       Club              |    19 |       ||    19
       Whip              |     5 |    68 ||    73
       Headbutt          |     3 |     9 ||    12
 Fire: Shortbow          |    37 |    15 ||    52
  Use: Scroll            |     5 |     2 ||     7
       Potion            |     1 |     2 ||     3
  Eat: Chunk             |       |     4 ||     4
Armor: Leather armour    |     9 |    13 ||    22
Dodge: Dodged            |    27 |    44 ||    71
